 Dungeon Crawl Stone Soup version 0.22-a0-247-gbddf880757 (webtiles) character file.

2876 Peterchen the Severer (level 9, -5/70 HPs)
             Began as a Minotaur Berserker on Feb 24, 2018.
             Was a High Priest of Trog.
             Killed from afar by a hellion (30 damage)
             ... with damnation
             ... on level 2 of the Abyss.
             The game lasted 00:13:34 (4154 turns).

Peterchen the Severer (Minotaur Berserker)          Turns: 4154, Time: 00:13:34

Health: -5/70      AC: 13    Str: 24    XL:     9   Next: 48%
Magic:  8/8        EV:  7    Int:  4    God:    Trog [*****.]
Gold:   147        SH:  0    Dex: 11    Spells: 8/8 levels left

rFire    + . .     SeeInvis .   w - +0 war axe
rCold    x . .     Gourm    +   (no shield)
rNeg     . . .     Faith    .   B - +0 plate armour
rPois    .         Spirit   .   (helmet restricted)
rElec    .         Reflect  .   (no cloak)
rCorr    .         Harm     .   j - +1 pair of gloves
MR       .....                  (no boots)
Stlth    ..........             A - amulet of the gourmand
HPRegen  0.21/turn              v - ring of fire
MPRegen  0.11/turn              (no ring)

@: berserk cooldown, slowed, very slow
A: retaliatory headbutt, horns 2
a: Berserk, Trog's Hand, Brothers in Arms, Renounce Religion


You were on level 2 of the Abyss.
You worshipped Trog.
Trog was extremely pleased with you.
You were not hungry.

You visited 2 branches of the dungeon, and saw 9 of its levels.
You visited the Abyss 1 time.

You collected 287 gold pieces.
You spent 140 gold pieces at shops.

Inventory:

Hand Weapons
 w - a +0 war axe (weapon)
Missiles
 s - 7 tomahawks (quivered)
Armour
 j - a +1 pair of gloves (worn)
 B - a +0 plate armour (worn)
Jewellery
 v - a ring of fire (left hand)
 A - an amulet of the gourmand (around neck)
Wands
 a - a wand of acid (4)
 t - a wand of polymorph (14)
 y - a wand of flame (23)
Scrolls
 d - 3 scrolls of remove curse
 e - a scroll of noise {unknown}
 g - 2 scrolls of enchant armour
 h - 2 scrolls of enchant weapon
 i - a scroll of amnesia {unknown}
 m - 3 scrolls of fear
 n - 3 scrolls of teleportation
 o - 2 scrolls of fog {unknown}
 q - 2 scrolls of blinking {unknown}
 u - a scroll of summoning {unknown}
 x - a scroll of magic mapping {unknown}
 z - a scroll of random uselessness {unknown}
 C - 5 scrolls of identify
Potions
 b - 2 potions of heal wounds
 f - 3 potions of mutation {unknown}
 k - 2 potions of might {unknown}
 l - 2 potions of lignification {unknown}
 p - a potion of invisibility {unknown}
 r - a potion of haste {unknown}
 D - a potion of agility {unknown}
Comestibles
 c - 4 rations


   Skills:
 - Level 3.6 Fighting
 * Level 15.1 Axes
 - Level 2.4 Armour
 - Level 2.1 Dodging


You had 8 spell levels left.
You didn't know any spells.

Dungeon Overview and Level Annotations

Branches:
Dungeon (9/15)             Temple (1/1) D:6
   Lair: D:8-11         Orc: D:9-12

Altars:
Cheibriados
Dithmenos
Elyvilon
Fedhas
Kikubaaqudgha
Okawaru
Qazlal
Ru
Sif Muna
Uskayaw
Vehumet
Xom

Shops:
D:5 !

Annotations:
D:9 Erolcha


Innate Abilities, Weirdness & Mutations

You reflexively headbutt those who attack you in melee.
You have a pair of horns on your head.


Message History

* * * LOW HITPOINT WARNING * * *
The raiju shocks you!
* * * LOW HITPOINT WARNING * * *
You closely miss the raiju. You slash the raiju!
You feel the power of Trog in you as your rage grows.
You kill the raiju!
Trog accepts your kill.
Your Axes skill increases to level 15!
You are too berserk!
You see here a raiju corpse.
You feel a strong urge to attack something.
Found a hand crossbow.
You feel your anger nearly subside.
You are no longer berserk.
You are exhausted.
You feel yourself slow down.
You feel much better. The hellion gestures at you.
The sphere of damnation explodes!
The damnation engulfs you!
You die...

..... #....###
.#.#.§##......##.
...2............ #
##§#............ #
#.#............. #
#.#............
### #.............
.. .#..†..@.......
#...##.##......##.
#.#..†##......#
#.#.#.............
.. ### ...........
#. #............
.# #......[..... .
#........)... #
#..... #


You could see a hellion.

Vanquished Creatures
  3 raiju (Abyss:2)
  A hippogriff (D:5)
  Duvessa (D:6)
  A sky beast (D:6)
  A black bear (D:6)
  A phantom (D:5)
  2 ogres
  A centaur (D:6)
  3 big kobolds
  A bullfrog (D:6)
  Dowan (D:6)
  2 scorpions (D:6)
  3 killer bees (D:9)
  2 howler monkeys (D:9)
  2 jellies
  2 crimson imps
  A bullfrog zombie (D:6)
  5 hounds
  4 orc priests
  3 orc wizards
  Terence (D:2)
  3 iguanas
  A small abomination (Abyss:2)
  3 worker ants
  A hound skeleton (D:5)
  Robin (D:3)
  8 adders
  An ooze (D:1)
  3 worms (D:2)
  5 dart slugs
  9 leopard geckos
  11 orcs
  2 bat zombies (D:7)
  2 giant cockroaches (D:1)
  12 hobgoblins
  5 jackals (D:2)
  5 quokkas
  9 bats
  4 frilled lizards
  18 goblins
  24 kobolds
  4 rats
  A rat zombie (D:7)
173 creatures vanquished.

Notes
Turn   | Place    | Note
-------+----------+-------------------------------------------
     0 | D:1      | Peterchen the Minotaur Berserker began the quest for the Orb.
     0 | D:1      | Reached XP level 1. HP: 19/19 MP: 0/0
    27 | D:1      | Reached skill level 4 in Axes
    40 | D:1      | Reached XP level 2. HP: 17/26 MP: 1/1
   459 | D:1      | Reached skill level 5 in Axes
   481 | D:1      | Reached XP level 3. HP: 31/31 MP: 2/2
   965 | D:2      | Reached ** piety under Trog
   966 | D:2      | Noticed Terence
   976 | D:2      | Killed Terence
   976 | D:2      | Reached skill level 6 in Axes
   976 | D:2      | Reached XP level 4. HP: 39/39 MP: 3/3
  1367 | D:3      | Noticed Robin
  1390 | D:3      | Reached XP level 5. HP: 39/45 MP: 4/4
  1393 | D:3      | Reached skill level 7 in Axes
  1404 | D:3      | Killed Robin
  1611 | D:3      | Noticed a dagger
  1612 | D:3      | Noticed a dagger
  1614 | D:3      | Found a hide-covered altar of Uskayaw.
  1663 | D:3      | Reached *** piety under Trog
  1725 | D:4      | Reached skill level 8 in Axes
  1739 | D:4      | Reached XP level 6. HP: 33/51 MP: 5/5
  1944 | D:4      | Reached skill level 9 in Axes
  1970 | D:4      | Reached XP level 7. HP: 16/57 MP: 6/6
  2522 | D:5      | Entered Level 5 of the Dungeon
  2540 | D:5      | Reached skill level 10 in Axes
  2567 | D:5      | Found Bomulot's Distillery.
  2604 | D:5      | Bought a potion of heal wounds for 70 gold pieces
  2604 | D:5      | Bought a potion of heal wounds for 70 gold pieces
  2710 | D:5      | Noticed a hippogriff
  2724 | D:5      | Killed a hippogriff
  2724 | D:5      | Reached skill level 11 in Axes
  2887 | D:5      | Reached XP level 8. HP: 47/64 MP: 7/7
  2928 | D:5      | Reached **** piety under Trog
  3055 | D:5      | Found a shimmering altar of Xom.
  3123 | D:6      | Reached skill level 12 in Axes
  3343 | D:6      | Found a blossoming altar of Fedhas.
  3415 | D:6      | Reached skill level 13 in Axes
  3560 | D:6      | Noticed Duvessa
  3561 | D:6      | Noticed Dowan
  3567 | D:6      | Killed Duvessa
  3579 | D:6      | Killed Dowan
  3579 | D:6      | Reached XP level 9. HP: 70/70 MP: 8/8
  3694 | D:6      | Found a staircase to the Ecumenical Temple.
  3791 | Temple   | Entered the Ecumenical Temple
  3893 | D:7      | Reached skill level 14 in Axes
  3959 | D:7      | Reached ***** piety under Trog
  3969 | D:7      | Found an ancient bone altar of Kikubaaqudgha.
  4071 | D:7      | You fall through a shaft for 2 floors!
  4079 | D:9      | Noticed Erolcha
  4093 | D:9      | Cast into level 2 of the Abyss (Erolcha)
  4149 | Abyss:2  | Reached skill level 15 in Axes
  4153 | Abyss:2  | Noticed a hellion
  4154 | Abyss:2  | Killed from afar by a hellion

Vault maps used:
D:1:      evilmike_arrival_crescent
D:2:      uniq_terence
D:3:      dancing_weapons_uskayaw, first_ration, uniq_robin
D:5:      basic_altar, serial_shops, shop, hangedman_decor_opposing
D:6:      cheibrodos_thug_alley, minmay_temple_entry_poolview, basic_altar,
          st_stairs_2, uniq_duvessa
D:7:      nicolae_overflow_hidden_temple, lemuel_zombie_altar_kikubaaqudgha,
          the_bakery, uniq_menkaure, uniq_joseph
D:9:      uniq_erolcha, uniq_psyche
Temple:   eino_narrow_crystal_temple

Skill      XL: |  1  2  3  4  5  6  7  8  9 |
---------------+----------------------------+-----
Axes           | 4 5 6 8 9 11 13 15 | 15.1
Fighting       | |  3.6
Armour         | |  2.4
Dodging        | |  2.1

Action                   |  1- 3 |  4- 6 |  7- 9 || total
-------------------------+-------+-------+-------++-------
Melee: Hand axe          |    70 |   153 |    34 ||   257
       Headbutt          |     7 |    33 |    34 ||    74
       War axe           |       |       |   196 ||   196
Invok: Berserk           |     2 |     2 |     7 ||    11
  Use: Scroll            |       |     4 |     2 ||     6
       Potion            |       |       |     1 ||     1
  Eat: Chunk             |     1 |     5 |    21 ||    27
Armor: Animal skin       |     6 |       |       ||     6
       Chain mail        |    39 |    83 |    53 ||   175
       Plate armour      |       |       |    51 ||    51
Dodge: Dodged            |    44 |    54 |    83 ||   181

Table legend:
 A = Spawn XP
 B = Non-spawn XP
 C = Spawn XP percentage of total XP
 D = Spawn monster count
 E = Non-spawn monster count
 F = Spawn count percentage of total count
 G = Total turns spent on level
                    A         B        C        D         E        F      G
               +---------+---------+-------+---------+---------+-------+---------
         Total |     755 |    3354 |  18.4 |       4 |     169 |   2.3 |  4154
               +---------+---------+-------+---------+---------+-------+---------
           D:1 |       0 |      56 |   0.0 |       0 |      27 |   0.0 |   936
           D:2 |       0 |     127 |   0.0 |       0 |      26 |   0.0 |   413
           D:3 |       0 |     156 |   0.0 |       0 |      30 |   0.0 |   351
           D:4 |       0 |     405 |   0.0 |       0 |      21 |   0.0 |   822
           D:5 |       0 |     885 |   0.0 |       0 |      25 |   0.0 |   590
           D:6 |       0 |    1306 |   0.0 |       0 |      29 |   0.0 |   744
           D:7 |       0 |     138 |   0.0 |       0 |       6 |   0.0 |   213
           D:9 |       0 |     281 |   0.0 |       0 |       5 |   0.0 |    22
       Abyss:2 |     755 |       0 | 100.0 |       4 |       0 | 100.0 |    61
               +---------+---------+-------+---------+---------+-------+---------
